 Dungeon Crawl Stone Soup version 0.29.1-12-g30fa7ad0bf (webtiles) character file.

Game seed: 5327692473206350748

34 nachturnus the Chopper (level 3, -3/29 HPs)
             Began as a Draconian Gladiator on Jan 4, 2023.
             Slain by an orc priest
             ... wielding a +0 flail
              (8 damage)
             ... on level 3 of the Dungeon.
             The game lasted 00:03:57 (2067 turns).

nachturnus the Chopper (Draconian Gladiator)        Turns: 2067, Time: 00:03:57

Health: -3/29      AC:  7    Str: 18    XL:     3   Next: 14%
Magic:  3/3        EV: 12    Int:  8    God:
Gold:   87         SH:  0    Dex: 12    Spells: 2/2 levels left

rFire   . . .      SeeInvis .   a - +1 war axe
rCold   . . .      Faith    .   (no shield)
rNeg    . . .      Spirit   .   (body armour unavailable)
rPois   .          Reflect  .   b - +0 hat
rElec   .          Harm     .   (no cloak)
rCorr   .          Rampage  .   l - +1 pair of gloves
Will    .....                   (no boots)
Stlth   +.........              (no amulet)
HPRegen 0.09/turn               (no ring)
MPRegen 0.08/turn               (no ring)

@: no status effects
A: AC +5, unfitting armour, cold-blooded
a: no special abilities


You were on level 3 of the Dungeon.
You visited 1 branch of the dungeon, and saw 3 of its levels.

You collected 87 gold pieces.

Inventory:

Hand Weapons
 a - a +1 war axe (weapon)
Missiles
 c - 3 throwing nets (quivered)
 d - 6 javelins
Armour
 b - a +0 hat (worn)
 l - a +1 pair of gloves (worn)
Scrolls
 e - a scroll of enchant armour
 g - a scroll of identify
Potions
 f - a potion of cancellation {unknown}
 h - a potion of degeneration {unknown}
 k - 2 potions of brilliance
 m - a potion of flight {unknown}


   Skills:
 - Level 2.2 Fighting
 + Level 4.2 Axes
 - Level 1.8 Throwing
 - Level 2.7 Dodging


You had 2 spell levels left.
You didn't know any spells.
Your spell library contained the following spells:

 Spells                   Type           Power      Damage    Failure   Level
 Mephitic Cloud           Conj/Pois/Air  0%         N/A       78%         3
 Airstrike                Air            0%         2d(0-16)  99%         4
 Corpse Rot               Necr/Pois/Air  0%         N/A       99%         4
 Conjure Ball Lightning   Conj/Air       0%         3x3d6     100%        6


Dungeon Overview and Level Annotations

Branches:
Dungeon (3/15)

Altars:


Innate Abilities, Weirdness & Mutations

Your plain brown scales are hard. (AC +5)
You cannot fit into any form of body armour.
You are cold-blooded and may be slowed by cold attacks.


Message History

The orc priest hits you but does no damage.
The orc hits you with a +0 whip.
You hit the orc but do no damage.
You tail-slap the orc, but do no damage.
The orc is severely wounded.
You barely miss the orc priest.
The orc priest hits you with a +0 flail.
The orc barely misses you.
You are too injured to fight recklessly!
You are too injured to fight recklessly!
You are too injured to fight recklessly!
You are too injured to fight recklessly!
You are too injured to fight recklessly!
You barely miss the orc priest. You barely miss the orc.
The orc priest hits you with a +0 flail.
The orc barely misses you. The orc priest closely misses you.
The orc barely misses you.
You hit the orc priest.
The orc priest is moderately wounded.
You slash the orc!
You kill the orc!
The orc priest hits you with a +0 flail.
* * * LOW HITPOINT WARNING * * *
The ball python closely misses you. The ball python grabs you.
The ball python constricts you.
You hit the orc priest.
Your tail-slap misses the orc priest.
The orc priest is heavily wounded.
You closely miss the ball python. You hit the orc priest.
The orc priest is heavily wounded.
You hit the ball python. The orc priest barely misses you.
The ball python bites you.
* * * LOW HITPOINT WARNING * * *
The ball python constricts you.
You barely miss the orc priest.
The orc priest is heavily wounded.
You hit the ball python.
You kill the ball python!
The orc priest hits you with a +0 flail!
You die...

.. ... ... .. ... .. ..
#.. .. #.#.###..#
#.#.........
#..........# #.......#
## #.......# #.#P.#
#o)....## #.#...
#@###### ..#P.. #.).###
..#.P. ##....#
..######.#.#.#
.........#.#.# .
#####.......# #..
###.##....##
.....#......#...#######
#.............<....##


You could see an orc priest.

Vanquished Creatures
  4 orcs (D:3)
  A ball python (D:3)
  2 endoplasms
  2 giant cockroaches
  2 goblins
  5 hobgoblins
  2 jackals (D:1)
  2 quokkas (D:2)
  2 bats (D:1)
  2 frilled lizards
  4 rats
28 creatures vanquished.

Vanquished Creatures (others)
  2 plants (D:1)
2 creatures vanquished.

Grand Total: 30 creatures vanquished

Notes
Turn   | Place    | Note
-------+----------+-------------------------------------------
     0 | D:1      | nachturnus the Draconian Gladiator began the quest for the
                  | Orb.
     0 | D:1      | Reached XP level 1. HP: 17/17 MP: 1/1
   420 | D:1      | Reached XP level 2. HP: 9/24 MP: 2/2
   959 | D:2      | Found a faded altar of an unknown god.
  1598 | D:2      | Reached skill level 4 in Axes
  1968 | D:3      | Got Sif Muna's Octavo of the Lungs
  2054 | D:3      | Reached XP level 3. HP: 29/29 MP: 3/3
  2067 | D:3      | Slain by an orc priest

Illustrated notes

Levels and vault maps discovered:
D:1:      lordsloth_arrival_two_stooges, layout_loops_ring, serial_bayou,
          serial_bayou_lagoon_b, serial_bayou_crossing, serial_bayou_pond_b,
          serial_bayou_shore_a
D:2:      layout_basic, dreamdust_ecumenical_altar_statues
D:3:      layout_rooms, nicolae_vehumet_altar_sigil, ebering_ghost_inner_flame,
          serial_aquarium, aquarium_bridge_straight [aquarium_subvault_bridge,
          aquarium_subvault_balcony, aquarium_subvault_bridge,
          aquarium_subvault_wall], aquarium_window_2, aquarium_window_fake,
          aquarium_window_corner, aquarium_window_corridor_1, aquarium_view_2b,
          aquarium_pool_corner

Skill      XL: |  1  2 |
---------------+-------+-----
Axes           | 4 |  4.2
Fighting       | |  2.2
Throwing       | |  1.8
Dodging        | |  2.7

Action                   || total
-------------------------++-------
Melee: War axe           ||    74
       Tailslap          ||    11
  Use: Scroll            ||     6
Armor: Skin              ||    19
Dodge: Dodged            ||    49
